 Dungeon Crawl Stone Soup version 0.25-a0-937-gcfae464cf3 (webtiles) character file.

Game seed: 5794700547224317254, levelgen mode: deterministic

1337 wullow the Stinger (level 8, 0/56 HPs)
             Began as a Demonspawn Venom Mage on May 4, 2020.
             Slain by a centaur (7 damage)
             ... on level 5 of the Dungeon.
             The game lasted 00:22:13 (7357 turns).

wullow the Stinger (Demonspawn Venom Mage)          Turns: 7357, Time: 00:22:13

Health: 0/56       AC:  4    Str:  9    XL:     8   Next: 35%
Magic:  10/15      EV: 12    Int: 18    God:
Gold:   209        SH:  0    Dex: 14    Spells: 8/17 levels left

rFire    . . .     SeeInvis .   b - +0 dagger
rCold    . . .     Gourm    .   (no shield)
rNeg     . . .     Faith    .   a - +0 robe
rPois    .         Spirit   .   (helmet restricted)
rElec    .         Reflect  .   (no cloak)
rCorr    .         Harm     .   (no gloves)
MR       .....                  (no boots)
Stlth    +++.......             (no amulet)
HPRegen  0.18/turn              (no ring)
MPRegen  0.14/turn              (no ring)

@: no status effects
A: antennae 1, rugged brown scales 2, nightstalker 1
a: no special abilities


You were on level 5 of the Dungeon.
You were near starving.

You visited 1 branch of the dungeon, and saw 5 of its levels.

You collected 209 gold pieces.

Inventory:

Hand Weapons
 b - a +0 dagger (weapon)
 i - a +0 hunting sling
Missiles
 d - 6 sling bullets
 g - 156 stones (quivered)
 l - 56 arrows
Armour
 a - a +0 robe (worn)
Jewellery
 r - a cursed amulet of harm {unknown}
 u - an uncursed ring of protection from magic {unknown}
Wands
 v - a wand of acid (10)
Scrolls
 e - a scroll of blinking {unknown}
 f - 2 scrolls of fear {unknown}
 m - 3 scrolls of identify {unknown}
 n - 2 scrolls of remove curse {unknown}
 q - 2 scrolls of teleportation {unknown}
 s - a scroll of magic mapping {unknown}
Potions
 h - 4 potions of haste {unknown}
 j - 4 potions of curing {unknown}
 k - a potion of cancellation {unknown}
 o - a potion of berserk rage {unknown}
 p - 3 potions of flight {unknown}
Comestibles
 c - 8 rations


   Skills:
 + Level 1.2 Fighting
 - Level 1.7 Dodging
 - Level 1.7 Stealth
 + Level 5.1 Spellcasting
 - Level 3.0 Conjurations
 - Level 3.0 Transmutations
 - Level 3.0 Fire Magic
 - Level 3.0 Air Magic
 + Level 6.0 Poison Magic


You had 8 spell levels left.
You knew the following spells:

 Your Spells              Type           Power        Failure   Level  Hunger
a - Sting                 Tmut/Pois      ###.         1%          1    None
b - Poisonous Vapours     Pois/Air       ###...       3%          2    #......
c - Mephitic Cloud        Conj/Pois/Air  ###.....     8%          3    ##.....
d - Ignite Poison         Fire/Tmut/Pois ###.....     8%          3    ##.....

Your spell library contained the following spells:

 Spells                   Type           Power        Failure   Level  Hunger
 Olgreb's Toxic Radiance  Pois           ####....     11%         4    ####...


Dungeon Overview and Level Annotations

Branches:
Dungeon (5/15)
 Temple: D:4-7

Altars:
Ashenzari
Kikubaaqudgha
Ru

Shops:
D:5 (


Innate Abilities, Weirdness & Mutations

You have a pair of small antennae on your head.
You are mostly covered in rugged brown scales. (AC +2, +5% HP)
You are slightly more attuned to the shadows.


Message History

Casting: Poisonous Vapours (safe; 3% risk of failure)
Confirm with . or Enter, or press ? or * to list all spells.
Aiming: Sting (safe; 1% risk of failure)
Press: ? - help, Shift-Dir - straight line, f/p - centaur
Aim: a centaur, wielding a +0 shortbow and quivering 22 arrows (moderately wounded, very poisoned)
The sting hits the centaur.
The centaur looks even sicker.
The centaur is moderately wounded.
The centaur shoots an arrow.
The arrow hits you!
* * * LOW HITPOINT WARNING * * *
The centaur unwields a +0 shortbow.
The centaur hits you!
* * * LOW HITPOINT WARNING * * *
Casting: Sting (safe; 1% risk of failure)
Confirm with . or Enter, or press ? or * to list all spells.
Aiming: Sting (safe; 1% risk of failure)
Press: ? - help, Shift-Dir - straight line, f/p - centaur
Aim: a centaur, quivering 21 arrows (heavily wounded, very poisoned)
The sting hits the centaur.
The centaur looks as sick as possible!
The centaur is heavily wounded.
The centaur hits you!
You die...

...............#
........#......#..#
.(..#.............#
)..###............##
#..##..###.........
........ #........###
#......###.#..#.....#
........##....#.(#
........##....#(@#
................c##
.........##..........
>#.##.#.###.......#.#
.#.###..##........#
..
........##.......#..
c
.##.....###.....##...
##........##..[..# #.
.#..............##


You could see a centaur.

Vanquished Creatures
  Sigmund (D:2)
  Menkaure (D:4)
  Duvessa (D:5)
  An ogre (D:5)
  A necrophage (D:4)
  A phantom (D:4)
  Dowan (D:5)
  A scorpion (D:5)
  A vampire bat (D:4)
  2 crimson imps (D:5)
  2 orc priests (D:4)
  2 orc wizards
  Ijyb (D:5)
  Natasha (twice) (D:2)
  A worker ant (D:4)
  9 gnolls
  A worker ant zombie (D:3)
  5 adders
  2 oozes
  An adder skeleton (D:4)
  A worm (D:2)
  2 dart slugs
  4 leopard geckos
  14 orcs
  2 ball pythons (D:1)
  2 bat skeletons (D:4)
  3 bat zombies (D:4)
  5 giant cockroaches
  3 goblins
  4 hobgoblins (D:1)
  8 jackals
  A quokka (D:2)
  8 bats
  6 frilled lizards
  7 kobolds
  A quokka zombie (D:5)
  8 rats
116 creatures vanquished.

Notes
Turn   | Place    | Note
-------+----------+-------------------------------------------
     0 | D:1      | wullow the Demonspawn Venom Mage began the quest for the
                  | Orb.
     0 | D:1      | Reached XP level 1. HP: 13/13 MP: 3/3
    31 | D:1      | Reached skill level 1 in Transmutations
   308 | D:1      | Gained mutation: You are slightly more attuned to the
                  | shadows. [demonic ancestry]
   308 | D:1      | Reached XP level 2. HP: 20/20 MP: 3/5
   312 | D:1      | Learned a level 2 spell: Poisonous Vapours
  1430 | D:2      | Reached XP level 3. HP: 25/25 MP: 3/6
  1441 | D:2      | Learned a level 3 spell: Mephitic Cloud
  1467 | D:2      | Reached skill level 1 in Fighting
  1873 | D:2      | Gained mutation: You are partially covered in rugged brown
                  | scales. (AC +1, +3% HP) [demonic ancestry]
  1873 | D:2      | Reached XP level 4. HP: 23/32 MP: 0/7
  2038 | D:2      | Reached skill level 1 in Air Magic
  2198 | D:2      | Reached skill level 1 in Conjurations
  2321 | D:2      | Noticed Natasha
  2336 | D:2      | Killed Natasha
  2479 | D:2      | Noticed Sigmund
  2488 | D:2      | Killed Sigmund
  2488 | D:2      | Reached XP level 5. HP: 11/38 MP: 3/9
  2488 | D:2      | Reached XP level 6. HP: 13/44 MP: 3/10
  2757 | D:2      | Learned a level 3 spell: Ignite Poison
  2786 | D:2      | Reached skill level 4 in Poison Magic
  2836 | D:2      | Noticed Natasha
  2846 | D:2      | Killed Natasha
  4418 | D:4      | Found a sacrificial altar of Ru.
  4437 | D:4      | Found a shattered altar of Ashenzari.
  4683 | D:4      | Noticed Menkaure
  4890 | D:5      | Entered Level 5 of the Dungeon
  5152 | D:5      | Noticed Ijyb
  5269 | D:5      | Noticed Duvessa
  5277 | D:4      | Reached skill level 1 in Fire Magic
  5533 | D:4      | Killed Menkaure
  5533 | D:4      | Gained mutation: You have a pair of small antennae on your
                  | head. [demonic ancestry]
  5533 | D:4      | Reached XP level 7. HP: 49/49 MP: 5/12
  5706 | D:4      | Found an ancient bone altar of Kikubaaqudgha.
  6430 | D:5      | Killed Ijyb
  6532 | D:5      | Killed Duvessa
  6532 | D:5      | Reached skill level 5 in Poison Magic
  6593 | D:5      | Noticed Dowan
  6602 | D:5      | Killed Dowan
  6602 | D:5      | Gained mutation: You are mostly covered in rugged brown
                  | scales. (AC +2, +5% HP) [demonic ancestry]
  6602 | D:5      | Reached XP level 8. HP: 49/56 MP: 3/14
  7013 | D:5      | Found Begeorgh's Antique Weapon Shoppe.
  7094 | D:5      | Reached skill level 5 in Spellcasting
  7200 | D:5      | Reached skill level 6 in Poison Magic
  7357 | D:5      | Slain by a centaur

Levels and vault maps discovered:
D:1:      minmay_arrival_five_plusses, layout_basic
D:2:      layout_loops_ring, due_unseen_surprise, uniq_natasha, uniq_sigmund
D:3:      layout_rooms, first_ration
D:4:      layout_gridville, overflow_temple_1_default,
          kennysheep_vampire_church, evilmike_ruin_ashenzari, uniq_menkaure
D:5:      layout_cave_pools, kennysheep_okawaru_gauntlet, minitemple,
          serial_shops, kennysheep_mini_moat, uniq_blork_the_orc, uniq_duvessa,
          uniq_ijyb

Skill      XL: |  1  2  3  4  5  6  7  8 |
---------------+-------------------------+-----
Transmutations | 1 2 3 |  3.0
Fighting       | 1 |  1.2
Air Magic      | 2 3 |  3.0
Conjurations   | 1 2 3 |  3.0
Spellcasting   | 3 4 5 |  5.1
Poison Magic   | 4 5 6 |  6.0
Fire Magic     | 1 2 3 |  3.0
Dodging        | |  1.7
Stealth        | |  1.7

Action                   |  1- 3 |  4- 6 |  7- 9 || total
-------------------------+-------+-------+-------++-------
Melee: Dagger            |    41 |   103 |   114 ||   258
Throw: Stone             |       |     1 |       ||     1
 Cast: Sting             |    44 |    73 |    49 ||   166
       Poisonous Vapours |     3 |    30 |    15 ||    48
       Mephitic Cloud    |       |     2 |    13 ||    15
       Ignite Poison     |       |     1 |    10 ||    11
 Stab: Sleeping          |     1 |     2 |     1 ||     4
       Confused          |       |       |     3 ||     3
  Eat: Chunk             |     4 |    13 |     3 ||    20
       Ration            |       |       |     1 ||     1
Armor: Robe              |    12 |    32 |    61 ||   105
Dodge: Dodged            |    38 |    86 |   149 ||   273

Table legend:
 A = Non-vault XP
 B = Vault XP
 C = Vault XP percentage of total XP
 D = Non-vault monster count
 E = Vault monster count
 F = Vault count percentage of total count
                 A         B        C        D         E       F
            +---------+---------+-------+---------+---------+-------
      Total |    1140 |     771 |  40.3 |     104 |      12 |  10.3
            +---------+---------+-------+---------+---------+-------
        D:1 |      40 |       0 |   0.0 |      23 |       0 |   0.0
        D:2 |     215 |     273 |  55.9 |      30 |       2 |   6.2
        D:3 |      45 |       0 |   0.0 |      17 |       0 |   0.0
        D:4 |     491 |     239 |  32.7 |      24 |       7 |  22.6
        D:5 |     349 |     259 |  42.6 |      10 |       3 |  23.1
            +---------+---------+-------+---------+---------+-------
